 Dungeon Crawl Stone Soup version 0.29.0-4-gdea44cf6ec (webtiles) character file.

Game seed: 2759720193292855009

293 qw the Chopper (level 6, -1/36 HPs)
             Began as a Tengu Warper on Aug 28, 2022.
             Succumbed to Duvessa's poison
             ... on level 4 of the Dungeon.
             The game lasted 00:00:21 (3822 turns).

qw the Chopper (Tengu Warper)                       Turns: 3822, Time: 00:00:21

Health: -1/36      AC:  6    Str: 11 (13) XL:     6   Next: 33%
Magic:  10/10      EV: 10    Int: 12 (14) God:
Gold:   184        SH:  0    Dex: 10 (13) Spells: 9/9 levels left

rFire   . . .      SeeInvis .   Y - +0 war axe
rCold   . . .      Faith    .   (no shield)
rNeg    . . .      Spirit   .   g - +0 scale mail
rPois   .          Reflect  .   (helmet restricted)
rElec   .          Harm     .   (no cloak)
rCorr   .          Rampage  .   (no gloves)
Will    +....                   (boots unavailable)
Stlth   ..........              (no amulet)
HPRegen 0.12/turn               b - ring of willpower
MPRegen 0.12/turn               (no ring)

@: lethally poisoned (-1 -> -34), about to teleport, flying quickly and
evasively, quick
A: beak, talons 3, nimble flight
a: no special abilities


You were on level 4 of the Dungeon.
You visited 1 branch of the dungeon, and saw 4 of its levels.

You collected 184 gold pieces.


Innate Abilities, Weirdness & Mutations

You have a beak for a mouth.
You have claws for feet.
Your magical nature lets you fly swiftly and evasively.


   Skills:
 + Level 2.4 Fighting
 - Level 7.0 Axes
 - Level 1.0 Throwing
 - Level 1.1 Armour
 - Level 2.1 Dodging
 - Level 2.0 Spellcasting
 - Level 2.4 Translocations


You had 9 spell levels left.
You didn't know any spells.
Your spell library contained the following spells:

 Spells                   Type           Power      Damage    Failure   Level
 Blink                    Tloc           12%        N/A       67%         2
 Gell's Gravitas          Tloc           6%         N/A       88%         3
 Lesser Beckoning         Tloc           6%         N/A       88%         3
 Teleport Other           Tloc           6%         N/A       88%         3
 Manifold Assault         Tloc           6%         N/A       100%        5

Inventory:

Hand Weapons
 h - a +0 flail
 Y - a +0 war axe (weapon)
Armour
 g - a +0 scale mail (worn)
Jewellery
 b - a ring of willpower (left hand)
Potions
 a - a potion of heal wounds {unknown}
 c - a potion of mutation {unknown}
 e - a potion of attraction {unknown}

Dungeon Overview and Level Annotations

Branches:
Dungeon (4/15)
 Temple: D:4-7

Altars:
Hepliaklqana
Sif Muna
Uskayaw
Yredelemnul

Shops:
D:2 (

Annotations:
D:4 Dowan, Duvessa


Message History

What level of the Dungeon? (default 1, ? - help)
You feel your willpower return.
There is a stone staircase leading down here.
You fly downwards.
There is a stone staircase leading up here.
Existing waypoints: (1) D:2 (2) D:3 Assign waypoint to what number? (0-9, D - delete waypoint) Waypoint 1 re-assigned from D:2 to D:4.
Enter note: You reach down and open the door.
There is an open door here.
Found a ring mail.
Enter note: Duvessa, Sister of Dowan comes into view.
She is wielding a +2 short sword of venom.
Found 14 gold pieces.
Duvessa shouts!
Dowan, Brother of Duvessa comes into view.
He is wielding a +0 dagger.
An adder comes into view.
The adder hisses angrily.
Duvessa hits you with a +2 short sword of venom!
You are poisoned.
You hit Duvessa but do no damage. You claw Duvessa.
Duvessa is lightly wounded.
You hit Dowan.
You feel very sick.
Duvessa hits you with a +2 short sword of venom.
You are more poisoned.
Dowan hits you with a +0 dagger.
You barely miss Dowan.
Dowan is moderately wounded.
You hit Duvessa.
You feel very sick.
Duvessa hits you with a +2 short sword of venom.
You are more poisoned.
Dowan closely misses you. The adder closely misses you.
3822 ||| READING scroll of teleportation.
As you read the scroll of teleportation, it crumbles to dust.
You feel strangely unstable.
You die...

#.....'...#
#.....#...#
#.....######
######.....# ####
#.....##+ #....
#........
.$..#####........
#.............
#e@...........
#.....eS........#+#
#...............#
#.....[.........+
#.....#####.....#
#..... #.....#
#..... #####..
#..... ..


You could see Duvessa, Dowan and an adder.

Vanquished Creatures
  Sigmund (D:3)
  Jessica (D:3)
  2 adders (D:3)
  2 dart slugs (D:3)
  5 orcs (D:3)
  7 ball pythons
  4 bats
  7 endoplasms
  2 giant cockroaches
  7 goblins
  4 hobgoblins
  4 jackals (D:3)
  3 kobolds
  6 quokkas
  5 frilled lizards
  5 rats
65 creatures vanquished.

Notes
Turn   | Place    | Note
-------+----------+-------------------------------------------
     0 | D:1      | qw the Tengu Warper began the quest for the Orb.
     0 | D:1      | Reached XP level 1. HP: 12/12 MP: 4/4
     0 | D:1      | 0 ||| qw: Version: 0.1-a-89-g26bdef1
     0 | D:1      | 0 ||| qw: Game counter: 3030
     0 | D:1      | 0 ||| qw: Always use a shield: true
     0 | D:1      | 0 ||| qw: God list: Okawaru
     0 | D:1      | 0 ||| qw: Allow faded altars: false
     0 | D:1      | 0 ||| qw: Do Orc after D:15 true
     0 | D:1      | 0 ||| qw: Do second Lair branch before Depths: true
     0 | D:1      | 0 ||| qw: Lair rune preference: random
     0 | D:1      | 0 ||| qw: Plans: Normal
     0 | D:1      | 0 ||| PLANNING D:1-11
    57 | D:1      | 57 ||| Stepping ~*~*~tactically~*~*~ (stealth).
   111 | D:1      | Reached XP level 2. HP: 17/17 MP: 6/6
   114 | D:1      | Reached skill level 3 in Axes
   282 | D:1      | Found a faded altar of an unknown god.
   353 | D:1      | 353 ||| DROPPING +0 club.
   397 | D:1      | 397 ||| Stepping ~*~*~tactically~*~*~ (stealth).
   399 | D:1      | 399 ||| Stepping ~*~*~tactically~*~*~ (stealth).
   406 | D:1      | 406 ||| Stepping ~*~*~tactically~*~*~ (stealth).
   407 | D:1      | 407 ||| Stepping ~*~*~tactically~*~*~ (stealth).
   616 | D:1      | Reached XP level 3. HP: 17/21 MP: 7/7
  1070 | D:1      | 1070 ||| UPGRADING to +0 scale mail.
  1080 | D:1      | 1080 ||| DROPPING +0 leather armour.
  1081 | D:1      | 1081 ||| READING scroll labelled NIAXZO LOMOJ.
  1082 | D:1      | 1082 ||| READING scroll labelled NIYRAE OQOFFI.
  1083 | D:1      | 1083 ||| READING 2 scrolls labelled WEUQEU QI YRHOU.
  1086 | D:1      | 1086 ||| READING scroll labelled CYUNITZADUR.
  1087 | D:1      | 1087 ||| DROPPING scroll of blinking.
  1130 | D:2      | Reached skill level 4 in Axes
  1433 | D:2      | Found Xumned's Weapon Boutique.
  1874 | D:2      | 1874 ||| READING scroll labelled UNYSEAT VOLI.
  2140 | D:3      | 2140 ||| Stepping ~*~*~tactically~*~*~ (stealth).
  2142 | D:3      | 2142 ||| Stepping ~*~*~tactically~*~*~ (hiding).
  2167 | D:3      | 2167 ||| FLEEEEING.
  2281 | D:3      | 2281 ||| FLEEEEING.
  2282 | D:3      | 2282 ||| FLEEEEING.
  2283 | D:3      | 2283 ||| FLEEEEING.
  2284 | D:3      | 2284 ||| FLEEEEING.
  2285 | D:3      | 2285 ||| FLEEEEING.
  2288 | D:3      | 2288 ||| FLEEEEING.
  2289 | D:3      | 2289 ||| STAIRDANCE
  2345 | D:2      | 2345 ||| UPGRADING to ring of willpower.
  2346 | D:2      | 2346 ||| READING scroll labelled SAR KUIFELI.
  2347 | D:2      | 2347 ||| DRINKING 2 black potions.
  2354 | D:3      | 2354 ||| STAIRDANCE
  2608 | D:3      | 2608 ||| SWAPPING to +0 war axe.
  2614 | D:3      | Reached XP level 4. HP: 26/26 MP: 8/8
  2614 | D:3      | 2614 ||| DROPPING +0 hand axe.
  2640 | D:3      | 2640 ||| Stepping ~*~*~tactically~*~*~ (stealth).
  2656 | D:3      | HP: 6/26 [poisoned by an adder]
  2657 | D:3      | 2657 ||| READING 2 scrolls of teleportation.
  2658 | D:3      | HP: 2/26 [poisoned by an adder]
  2660 | D:3      | Reached skill level 5 in Axes
  2660 | D:3      | 2660 ||| DRINKING potion of curing.
  2660 | D:3      | 2660 ||| (to cure poison)
  2909 | D:3      | Noticed Sigmund
  2917 | D:3      | Killed Sigmund
  2918 | D:3      | Reached skill level 6 in Axes
  2918 | D:3      | Gained mutation: Your magical nature lets you fly swiftly
                  | and evasively. [Tengu growth]
  2918 | D:3      | Reached XP level 5. HP: 10/30 MP: 9/9
  2918 | D:3      | Reached XP level 6. HP: 12/35 MP: 10/10
  3141 | D:3      | Found a hide-covered altar of Uskayaw.
  3204 | D:3      | 3204 ||| Stepping ~*~*~tactically~*~*~ (stealth).
  3320 | D:3      | Found a hazy altar of Hepliaklqana.
  3383 | D:3      | Found a basalt altar of Yredelemnul.
  3628 | D:3      | Reached skill level 7 in Axes
  3641 | D:3      | Noticed Jessica
  3648 | D:3      | Killed Jessica
  3650 | D:3      | Found a shimmering blue altar of Sif Muna.
  3733 | D:3      | 3733 ||| READING scroll labelled NIAREW PAOVU.
  3734 | D:3      | 3734 ||| READING scroll labelled QAIMER BUTU.
  3735 | D:3      | 3735 ||| DRINKING 2 fizzy purple potions.
  3736 | D:3      | 3736 ||| DROPPING potion of degeneration.
  3816 | D:4      | Noticed Duvessa
  3816 | D:4      | Noticed Dowan
  3821 | D:4      | HP: 6/36 [Duvessa/+2 short sword of venom (6)]
  3822 | D:4      | 3822 ||| READING scroll of teleportation.
  3822 | D:4      | Succumbed to Duvessa's poison

Levels and vault maps discovered:
D:1:      minmay_arrival_floating_metal, layout_basic,
          ebering_ecumenical_altar_sacrificial, minmay_misc_feat_square,
          chequers_serial_rivers_micro_b, nicolae_titane
D:2:      layout_loops_ring, serial_shops, nicolae_shop_hallway_stairs
D:3:      layout_loops_ring, general_overflow_altar,
          mainiacjoe_overflow_alcove_4, eat_drink_and_be_merry_uskayaw, tgw_sif,
          uniq_sigmund
D:4:      layout_gridville, nicolae_gozag_cash_rules_everything_around_me,
          mainiacjoe_overflow_boulevard, ebering_dispersal_statue_hall,
          uniq_duvessa, uniq_robin, uniq_natasha

Skill      XL: |  1  2  3  4  5  6 |
---------------+-------------------+-----
Axes           | 3 4 6 7 |  7.0
Fighting       | |  2.4
Throwing       | |  1.0
Armour         | |  1.1
Dodging        | |  2.1
Spellcasting   | |  2.0
Translocations | |  2.4

Action                   |  1- 3 |  4- 6 || total
-------------------------+-------+-------++-------
Melee: Hand axe          |    88 |       ||    88
       Kick              |    18 |    12 ||    30
       Peck              |    15 |     7 ||    22
       War axe           |     1 |    64 ||    65
       Punch             |       |     1 ||     1
Throw: Boomerang         |     7 |       ||     7
  Use: Scroll            |     6 |     4 ||    10
       Potion            |     1 |     2 ||     3
Armor: Leather armour    |     9 |       ||     9
       Scale mail        |    19 |    22 ||    41
Dodge: Dodged            |    41 |    35 ||    76

Table legend:
 A = Non-vault XP
 B = Vault XP
 C = Vault XP percentage of total XP
 D = Non-vault monster count
 E = Vault monster count
 F = Vault count percentage of total count
                 A         B        C        D         E       F
            +---------+---------+-------+---------+---------+-------
      Total |     143 |     276 |  65.9 |      63 |       2 |   3.1
            +---------+---------+-------+---------+---------+-------
        D:1 |      41 |       0 |   0.0 |      23 |       0 |   0.0
        D:2 |      23 |       0 |   0.0 |      15 |       0 |   0.0
        D:3 |      79 |     276 |  77.7 |      25 |       2 |   7.4
            +---------+---------+-------+---------+---------+-------
